 Dungeon Crawl Stone Soup version 0.28-a0-194-g42b4daccc1 (webtiles) character file.

Game seed: 3483281177808829667

1607 willcat the Covert (level 8, -5/78 HPs)
             Began as an Octopode Delver on Aug 18, 2021.
             Slain by a killer bee zombie (6 damage)
             ... on level 7 of the Dungeon.
             The game lasted 00:04:30 (2928 turns).

willcat the Covert (Octopode Delver)                Turns: 2928, Time: 00:04:30

Health: -5/78      AC: 24    Str: 10 (11) XL:     8   Next: 95%
Magic:  10/10      EV:  2    Int: 12 (13) God:
Gold:   103        SH:  0    Dex: 13 (15) Spells: 10/10 levels left

rFire   . . .      SeeInvis .   a - +0 short sword
rCold   . . .      Faith    .   (no shield)
rNeg    + + +      Spirit   .   (helmet currently unavailable)
rPois   +          Reflect  .   (no amulet)
rElec   .          Harm     .   (no ring)
rCorr   .          Rampage  .   (no ring)
Will    .....      NoTele   +   (no ring)
Stlth   +++++.....              (no ring)
HPRegen 0.23/turn               (no ring)
MPRegen 0.12/turn               (no ring)
                                (no ring)
                                (no ring)

@: tree-form, hasted, very quick
A: stationary, stasis, torment immunity, boosted hp, almost no armour,
(amphibious), 8 rings, (camouflage 1), (gelatinous body 1), (nimble swimmer 1),
(tentacles), deterioration 1, screaming 1
a: no special abilities


You were on level 7 of the Dungeon.
You were a tree.
You visited 1 branch of the dungeon, and saw 3 of its levels.

You collected 103 gold pieces.

Inventory:

Hand Weapons
 a - a +0 short sword (weapon)
Wands
 f - a wand of digging (3)
Scrolls
 b - 2 scrolls of fog
 c - a scroll of magic mapping
 i - 3 scrolls of identify
 j - a scroll of vulnerability


   Skills:
 - Level 3.0 Fighting
 + Level 6.4 Short Blades
 + Level 6.4 Dodging
 + Level 10.8 Stealth
 + Level 1.8 Spellcasting


You had 10 spell levels left.
You didn't know any spells.
Your spell library contained the following spells:

 Spells                   Type           Power      Damage    Failure   Level
 Gell's Gravitas          Tloc           0%         N/A       63%         3
 Lesser Beckoning         Tloc           0%         N/A       63%         3
 Teleport Other           Tloc           1%         N/A       63%         3


Dungeon Overview and Level Annotations

Branches:
Dungeon (7/15)
 Temple: D:4-7

Altars:


Innate Abilities, Weirdness & Mutations

You are a tree.
Your roots penetrate the ground, keeping you stationary.
You cannot be teleported.
You are immune to unholy pain and torment.
Your maximum health is greatly increased.
You cannot wear most types of armour.
((You are amphibious.))
You can wear up to eight rings at the same time.
((Your skin changes colour to match your surroundings (Stealth+).))
((Your rubbery body absorbs attacks. (AC +1, EV +1)))
((You are camouflaged near water. (Stealth+)))
((You have tentacles for arms and can constrict up to eight enemies at once.))
Your body sometimes deteriorates upon taking damage.
You occasionally shout uncontrollably at your foes.


Message History

The killer bee zombie hits you but does no damage.
The kobold hits you but does no damage.
Unknown command.
You feel yourself speed up. The killer bee zombie hits you.
* * * LOW HITPOINT WARNING * * *
The kobold hits you with a +0 short sword.
* * * LOW HITPOINT WARNING * * *
The killer bee zombie hits you but does no damage.
The kobold hits you but does no damage. x2
You closely miss the killer bee zombie.
The killer bee zombie hits you but does no damage.
The kobold hits you but does no damage.
Unknown command.
You hit the kobold.
You kill the kobold!
The killer bee zombie hits you but does no damage.
The kobold throws a stone.
The stone hits you but does no damage. The kobold hits you with a +0 dagger.
* * * LOW HITPOINT WARNING * * *
You closely miss the kobold.
The killer bee zombie hits you but does no damage.
You hit the kobold.
You kill the kobold!
The killer bee zombie hits you but does no damage.
The kobold hits you with a +0 short sword.
* * * LOW HITPOINT WARNING * * *
The kobold throws a stone.
The stone hits you but does no damage.
Unknown command.
You hit the kobold.
You kill the kobold!
The killer bee zombie hits you.
* * * LOW HITPOINT WARNING * * *
Unknown command.
You hit the killer bee zombie.
The killer bee zombie is lightly damaged.
The kobold throws a stone.
The stone hits you but does no damage.
You barely miss the killer bee zombie.
The killer bee zombie is lightly damaged.
The killer bee zombie hits you.
You die...

.................).##....
.........................
. #.............##........
..#!...........)))........
...........#....###.......
##........###.#.# ........
..K.$......####.#....#....
.K......#..##<......####..
........#.K)♣......## ..
...........))Z#.....#
...#...##.....##.......
....... #.....# ....>.#
....<.. #.........##..#
##..............#.# .##
##.............##. #
...........


You could see a killer bee zombie and a kobold.

Vanquished Creatures
  A vampire (D:5)
  A water moccasin (D:5)
  A black bear (D:5)
  An orc warrior (D:7)
  A centaur (D:6)
  2 ogres (D:5)
  A kobold brigand (D:7)
  A bullfrog (D:7)
  2 scorpions (D:5)
  A wyvern zombie (D:6)
  2 water moccasin zombies (D:6)
  A water moccasin skeleton (D:5)
  A howler monkey (D:6)
  2 bullfrog zombies
  2 centaur skeletons
  A jelly (D:7)
  A hound (D:6)
  An orc priest (D:6)
  A bullfrog skeleton (D:6)
  4 orc wizards (D:6)
  4 adders
  A howler monkey skeleton (D:5)
  2 shadow imps
  2 white imps
  An ufetubus (D:7)
  A worm (D:5)
  7 orcs
  4 kobolds (D:7)
  A quokka (D:5)
51 creatures vanquished.

Notes
Turn   | Place    | Note
-------+----------+-------------------------------------------
     0 | D:5      | willcat the Octopode Delver began the quest for the Orb.
     0 | D:5      | Reached XP level 1. HP: 16/16 MP: 1/1
    40 | D:5      | Reached XP level 2. HP: 21/21 MP: 2/2
    54 | D:5      | Noticed a black bear
    59 | D:5      | Killed a black bear
    60 | D:5      | Reached skill level 7 in Stealth
    60 | D:5      | Reached XP level 3. HP: 16/26 MP: 3/3
    60 | D:5      | Reached XP level 4. HP: 19/31 MP: 4/4
   228 | D:5      | Noticed an ogre
   247 | D:5      | Killed an ogre
   248 | D:5      | Reached XP level 5. HP: 7/36 MP: 5/5
   555 | D:5      | Reached skill level 8 in Stealth
   756 | D:5      | Noticed an ogre
   763 | D:5      | Killed an ogre
   764 | D:5      | Reached XP level 6. HP: 42/42 MP: 6/6
  1108 | D:5      | Noticed a water moccasin
  1108 | D:5      | Noticed a vampire
  1119 | D:5      | Killed a water moccasin
  1120 | D:5      | Reached skill level 9 in Stealth
  1120 | D:5      | Reached XP level 7. HP: 46/46 MP: 7/7
  1122 | D:5      | Killed a vampire
  1123 | D:5      | Reached skill level 5 in Short Blades
  1123 | D:5      | Reached skill level 5 in Dodging
  1410 | D:6      | Reached XP level 8. HP: 52/52 MP: 8/8
  1516 | D:6      | Noticed a two-headed ogre
  1545 | D:6      | Reached skill level 10 in Stealth
  2207 | D:6      | Noticed a two-headed ogre
  2520 | D:7      | HP: 1/52 [orc warrior (15)]
  2523 | D:7      | Reached skill level 1 in Spellcasting
  2912 | D:7      | Gained mutation: You occasionally shout uncontrollably at
                  | your foes. [potion of mutation]
  2912 | D:7      | Gained mutation: Your body sometimes deteriorates upon
                  | taking damage. [potion of mutation]
  2926 | D:7      | HP: 1/78 [killer bee zombie (4)]
  2928 | D:7      | Slain by a killer bee zombie

Illustrated notes

Levels and vault maps discovered:
D:5:      layout_rooms, minmay_pentangle
D:6:      hangedman_cross_stitches, layout_basic
D:7:      layout_cave_pools

Skill      XL: |  1  2  3  4  5  6  7  8 |
---------------+-------------------------+-----
Short Blades   | 3 4 5 6 |  6.4
Dodging        | 3 4 5 6 |  6.4
Stealth        | 7 8 9 10 | 10.8
Spellcasting   | 1 |  1.8
Fighting       | |  3.0

Action                   |  1- 3 |  4- 6 |  7- 9 || total
-------------------------+-------+-------+-------++-------
Melee: Short sword       |     6 |    39 |   174 ||   219
       Tentacles         |     3 |     3 |    35 ||    41
       Constrict         |     1 |     5 |    24 ||    30
  Use: Potion            |       |     1 |     5 ||     6
       Scroll            |       |       |     2 ||     2
 Stab: Sleeping          |     1 |     5 |     5 ||    11
Armor: Skin              |     1 |     1 |    40 ||    42
Dodge: Dodged            |     7 |    26 |   127 ||   160

Table legend: (Time is in decaauts)
 A = Elapsed time spent in this place.
 B = Non-inter-level travel time spent in this place.
 C = Inter-level travel time spent in this place.
 D = Time resting spent in this place.
 E = Time spent auto-exploring this place.
 F = Levels seen in this place.
 G = Mean time per level.
                   A        B        C        D        E       F      G
               +--------+--------+--------+--------+--------+-----+--------+
         Total |   2882 |   2766 |    116 |   1285 |    925 |   3 |  960.7 |
       Dungeon |   2882 |   2766 |    116 |   1285 |    925 |   3 |  960.7 |
               +--------+--------+--------+--------+--------+-----+--------+

Top non-repeatable levels by time:
     D:5: 1536 daAuts
     D:6: 894 daAuts
     D:7: 451 daAuts
